 Dungeon Crawl Stone Soup version 0.32-a0-656-g3542139ebd (webtiles) character file.

Game seed: 9283323432255538991

16 ytrimaz the Ruffian (level 2, -2/18 HPs)
             Began as an Octopode Shapeshifter on Mar 8, 2024.
             Slain by a ribbon worm (6 damage)
             ... on level 2 of the Dungeon.
             The game lasted 00:00:25 (376 turns).

ytrimaz the Ruffian (Octopode Shapeshifter)          Turns: 376, Time: 00:00:25

Health: -2/18      AC:  1    Str: 13    XL:     2   Next: 54%
Magic:  2/2        EV: 13    Int: 12    God:
Gold:   28         SH:  0    Dex: 11    Spells: 1/1 levels left

rFire   . .          .
                       - Unarmed
rCold   . . .        (no shield)
rNeg    . . .        (helmet currently unavailable)
rPois   .            (no amulet)
rElec   .            (no ring)
rCorr   .            (no ring)
SInv    .            (no ring)
Will    .....        (no ring)
Stlth   +++          (no ring)
HPRegen 0.23/turn    (no ring)
MPRegen 0.08/turn    (no ring)
                     (no ring)

%: no passive effects
@: beast-form
A: beast (slay +1), almost no armour, amphibious, 8 rings, camouflage 1,
gelatinous body 1, (nimble swimmer 1), tentacles
a: Begin Untransformation


You were on level 2 of the Dungeon.
You were a hulking beast.
You visited 1 branch of the dungeon, and saw 2 of its levels.

You collected 28 gold pieces.


Innate Abilities, Weirdness & Mutations

You are a hulking beast.
Your limbs bulge with bestial killing power. (Slay +1)
You cannot wear most types of armour.
You are amphibious.
You can wear up to eight rings at the same time.
Your skin changes colour to match your surroundings (Stealth+).
Your rubbery body absorbs attacks. (AC +1, EV +1)
((You are camouflaged when in or above water. (Stealth+)))
You have tentacles for arms and can constrict up to eight enemies at once.


   Skills:
 - Level 1.0 Fighting
 + Level 2.3 Dodging
 + Level 1.7 Stealth
 + Level 3.2 Unarmed Combat
 - Level 3.0 Shapeshifting


You had one spell level left.
You didn't know any spells.
Your spell library was empty.

Inventory:

Talismans
 b - a beast talisman (active)
 c - a flux talisman
Scrolls
 d - a scroll of fog {unknown}
 f - a scroll of teleportation {unknown}
Potions
 a - a potion of lignification
 e - a potion of haste {unknown}

Dungeon Overview and Level Annotations

Branches:
Dungeon (2/15) Zot: 11624

Altars:

### ### #<# #.. ###.#
#.####### #...#
##>......#### #.###
#......#....## #.#
#............#
#.########......#
#.......hw..#...# #
###########.#.#.#.#.##
#.#........#
##.#........#
#..?........#
................#
....(...........#
.................#
...................


You could see a ribbon worm.


Message History

You tentacle-slap the rat.
You kill the rat!
You see here a rat corpse.
No target in view!
A malevolent force fills the Dungeon...
You fall into a shaft and drop 1 floor!
The shaft crumbles and collapses.
Found a stone staircase leading up.
Found a stone staircase leading down.
A ribbon worm comes into view.
A hobgoblin and a quokka come into view.
The hobgoblin shouts!
A giant cockroach and a rat come into view.
You see here a scroll labelled JUTU SESUXOOP.
The rat squeaks loudly.
A bat comes into view.
The ribbon worm expels a string of sticky webbing.
The stream of webbing hits you but does no damage.
You are caught in a web!
The rat barely misses you.
A bat comes into view.
There is a web here.
The web tears apart.
The rat closely misses you.
You tentacle-slap the rat.
You kill the rat!
The bat barely misses you.
The ribbon worm expels a string of sticky webbing.
The stream of webbing misses you.
The stream of webbing hits the bat but does no damage.
The bat is caught in a web!
The bat struggles to get unstuck from the web.
Unknown command.
The bat struggles to get unstuck from the web.
The giant cockroach bites you.
The bat tears the web.
The giant cockroach closely misses you. The bat hits you.
The bat hits you but does no damage. 😕 HP[-2]
You take 2 damage, and now have 16/18 hp.
Unknown command.
The bat closely misses you. x3
The giant cockroach attacks as it pursues you!
The giant cockroach closely misses you.
Unknown command.
The bat attacks as it pursues you! The bat hits you.
The bat closely misses you. 😕 HP[-1]
You take 1 damage, and now have 15/18 hp.
The bat hits you. The bat closely misses you.
The bat hits you but does no damage.
You barely miss the bat. You grab the bat. You tentacle-slap the bat.
You constrict the bat.
You kill the bat!
The bat barely misses you. The giant cockroach bites you.
The giant cockroach barely misses you. 😮 HP[-2]
You take 2 damage, and now have 13/18 hp.
The bat hits you but does no damage. The bat misses you.
The giant cockroach bites you.
The hobgoblin barely misses you. 😮 HP[-1]
You take 1 damage, and now have 12/18 hp.
The bat hits you but does no damage. The hobgoblin hits you. 😮 HP[-2]
You take 2 damage, and now have 10/18 hp.
The bat hits you.
* * * LOW HITPOINT WARNING * * *
The hobgoblin attacks as it pursues you!
The hobgoblin hits you.
* * * LOW HITPOINT WARNING * * *
😨 HP[-5]
You take 5 damage, and now have 5/18 hp.
MASSIVE DAMAGE!! (PAUSE)
The hobgoblin attacks as it pursues you!
The hobgoblin barely misses you. 😨 HP[+1]
Okay, then.
Unknown command.
You tentacle-slap the hobgoblin. You grab the hobgoblin.
You squeeze the hobgoblin, but do no damage.
You constrict the hobgoblin.
You kill the hobgoblin!
The quokka bites you.
* * * LOW HITPOINT WARNING * * *
😱 HP[-3]
You take 3 damage, and now have 3/18 hp.
You closely miss the quokka. Your grab misses the quokka.
You squeeze the quokka.
You kill the quokka!
Unknown command.
You barely miss the giant cockroach. Your grab misses the giant cockroach.
The giant cockroach bites you but does no damage. 😱 HP[+1] Unknown command.
You bludgeon the giant cockroach!
You kill the giant cockroach!
Unknown command.
You tentacle-slap the ribbon worm. You grab the ribbon worm.
You constrict the ribbon worm. The ribbon worm misses you.
You tentacle-slap the ribbon worm. You constrict the ribbon worm.
The ribbon worm bites you.
You die...

Skill      XL: |  1 |
---------------+----+-----
Stealth        | 1 |  1.7
Fighting       | |  1.0
Dodging        | |  2.3
Unarmed Combat | |  3.2
Shapeshifting  | |  3.0

Action                     || total
---------------------------++-------
  Melee: Unarmed           ||    21
         Constrict         ||     7
         Tentacles         ||     5
         Punch             ||     1
   Stab: Sleeping          ||     3
 Armour: Skin              ||    20
  Dodge: Dodged            ||    19

Levels and vault maps discovered:
D:1:      nagdon_arrival_zigzag_paths, layout_loops_ring, serial_shops,
          nicolae_shop_tiny_real_fake_doors, minmay_statues_item,
          minmay_misc_feat_roman, palyth_stone_intersect, minivault_5,
          minmay_misc_feat_tower
D:2:      layout_basic, serial_bayou_ford_a

Notes
Turn   | Place    | Note
-------+----------+-------------------------------------------
     0 | D:1      | ytrimaz the Octopode Shapeshifter began the quest for the
                  | Orb.
     0 | D:1      | Reached XP level 1. HP: 13/13 MP: 1/1
     0 | D:1      | magus.rc [v1.9.6]
   104 | D:1      | Reached skill level 1 in Stealth
   283 | D:1      | Reached XP level 2. HP: 18/18 MP: 2/2
   327 | D:1      | You fall into a shaft and drop 1 floor!
   371 | D:2      | HP: 3/18 [quokka (3)]
   376 | D:2      | Slain by a ribbon worm

Vanquished Creatures
  A dart slug (D:1)
  An endoplasm (D:1)
  2 giant cockroaches
  2 hobgoblins
  2 kobolds (D:1)
  A quokka (D:2)
  A bat (D:2)
  A frilled lizard (D:1)
  2 rats
13 creatures vanquished.

Table legend:
 A = Non-vault XP
 B = Vault XP
 C = Vault XP percentage of total XP
 D = Non-vault monster count
 E = Vault monster count
 F = Vault count percentage of total count
                 A         B        C        D         E       F
            +---------+---------+-------+---------+---------+-------
      Total |      23 |       0 |   0.0 |      13 |       0 |   0.0
            +---------+---------+-------+---------+---------+-------
        D:1 |      15 |       0 |   0.0 |       8 |       0 |   0.0
        D:2 |       8 |       0 |   0.0 |       5 |       0 |   0.0
            +---------+---------+-------+---------+---------+-------

Skill      XL: |  1 |
---------------+----+-----
Stealth        | 1 |  1.7
Fighting       | |  1.0
Dodging        | |  2.3
Unarmed Combat | |  3.2
Shapeshifting  | |  3.0

Action                     || total
---------------------------++-------
  Melee: Unarmed           ||    21
         Constrict         ||     7
         Tentacles         ||     5
         Punch             ||     1
   Stab: Sleeping          ||     3
 Armour: Skin              ||    20
  Dodge: Dodged            ||    19

Illustrated notes

Table legend:
 A = Kills in this place as a percentage of kills in the entire game.
 B = Kills by you in this place as a percentage of kills by you in the entire game.
 C = Kills by friends in this place as a percentage of kills by friends in the entire game.
 D = Other kills in this place as a percentage of other kills in the entire game.
 E = Experience gained in this place as a percentage of experience gained in the entire game.
 F = Experience gained in this place divided by the number of levels of this place that you have seen.
                   A       B       C       D       E      F
               +-------+-------+-------+-------+-------+----------------------
         Total | 100.0 | 100.0 |   N/A |   N/A | 100.0 |  11.5
       Dungeon | 100.0 | 100.0 |   N/A |   N/A | 100.0 |  11.5
               +-------+-------+-------+-------+-------+----------------------

Table legend: (Time is in decaauts)
 A = Elapsed time spent in this place.
 B = Non-inter-level travel time spent in this place.
 C = Inter-level travel time spent in this place.
 D = Time resting spent in this place.
 E = Time spent auto-exploring this place.
 F = Levels seen in this place.
 G = Mean time per level.
                   A        B        C        D        E       F      G
               +--------+--------+--------+--------+--------+-----+--------+
         Total |    374 |    374 |      0 |      0 |    295 |   2 |  187.0 |
       Dungeon |    374 |    374 |      0 |      0 |    295 |   2 |  187.0 |
               +--------+--------+--------+--------+--------+-----+--------+

Top non-repeatable levels by time:
     D:1: 326 daAuts
     D:2: 48 daAuts
